 Dungeon Crawl Stone Soup version 0.30-b1-2-g02819fbbbe (webtiles) character file.

Game seed: 4893159642482291268

48 Flugkiller the Cutter (level 3, -1/27 HPs)
             Began as a Vampire Warper on May 16, 2023.
             Slain by a phantom (7 damage)
             ... on level 1 of the Dungeon.
             The game lasted 00:02:37 (851 turns).

Flugkiller the Cutter (Vampire Warper)               Turns: 851, Time: 00:02:37

Health: -1/27      AC:  4    Str: 16    XL:     3   Next: 50%
Magic:  6/6        EV: 12    Int: 17    God:
Gold:   43         SH:  0    Dex: 13    Spells: 0/6 levels left

rFire   . . .        a - +0 short sword
rCold   . . .        (no shield)
rNeg    . . .        b - +0 leather armour
rPois   .            o - +0 helmet
rElec   .            (no cloak)
rCorr   .            (no gloves)
SInv    +            (no boots)
Will    .....        g - amulet of magic regeneration
Stlth   ++           k - +6 ring of strength
HPRegen 0.44/turn    (no ring)
MPRegen 0.50/turn

%: no passive effects
@: flying, healing quickly
A: alive, fangs 3, see invisible, vampiric 2
a: Exsanguinate


You were on level 1 of the Dungeon.
You visited 1 branch of the dungeon, and saw 2 of its levels.

You collected 43 gold pieces.

Inventory:

Hand Weapons
 a - a +0 short sword (weapon)
Missiles
 d - 5 boomerangs of dispersal (quivered)
 h - a throwing net
Armour
 b - a +0 leather armour (worn)
 o - a +0 helmet (worn)
   (You found it on level 2 of the Dungeon)
Jewellery
 g - an amulet of magic regeneration (around neck)
   (You found it on level 1 of the Dungeon)
 k - a +6 ring of strength (left hand)
   (You found it on level 1 of the Dungeon)
Scrolls
 c - a scroll of noise {unknown}
 e - a scroll of acquirement {unknown}
 j - 2 scrolls of identify {unknown}
 l - a scroll of silence {unknown}
 n - a scroll of enchant armour {unknown}
 z - 2 scrolls of blinking
Potions
 i - a potion of flight


   Skills:
 + Level 2.2 Fighting
 + Level 2.8 Short Blades
 - Level 0.7 Throwing
 - Level 0.7 Armour
 - Level 2.1 Dodging
 + Level 2.0 Stealth
 + Level 2.3 Spellcasting
 + Level 1.8 Hexes
 - Level 2.4 Translocations


You couldn't memorise any spells.
You knew the following spells:

 Your Spells              Type           Power      Damage    Failure   Level
a - Slow                  Hex            32%        N/A       11%         1
b - Confusing Touch       Hex            8%         N/A       32%         3
r - Blink                 Tloc           20%        N/A       13%         2

Your spell library contained the following spells:

 Spells                   Type           Power      Damage    Failure   Level
 Lesser Beckoning         Tloc           20%        N/A       13%         2
 Teleport Other           Tloc           10%        N/A       26%         3
 Vhi's Electric Charge    Tloc/Air       12%        N/A       38%         3
 Vampiric Draining        Necr           2%         2d6       56%         3
 Manifold Assault         Tloc           10%        N/A       63%         4


Dungeon Overview and Level Annotations

Branches:
Dungeon (2/15) Zot: 11168

Altars:

Annotations:
D:2 Natasha, Sigmund


Innate Abilities, Weirdness & Mutations

Your natural rate of healing is accelerated.
You have razor-sharp teeth.
You have supernaturally acute eyesight. (SInv)
You are afflicted with vampirism and can become a bat while bloodless.


Message History

Unknown command.
You hit the phantom but do no damage.
The phantom is lightly damaged.
The phantom hits you but does no damage.
You barely miss the phantom.
The phantom is lightly damaged.
The phantom misses you.
You feel stronger.
k - a +6 ring of strength (left hand)
The phantom closely misses you.
You completely miss the phantom.
The phantom is lightly damaged.
The phantom hits you.
You hit the phantom.
The phantom is moderately damaged.
You barely miss the phantom. Your bite misses the phantom.
The phantom is moderately damaged.
The phantom hits you but does no damage.
You closely miss the phantom.
The phantom is moderately damaged.
The phantom barely misses you.
You hit the phantom.
The phantom is moderately damaged.
The phantom hits you but does no damage.
You hit the phantom but do no damage.
The phantom is moderately damaged.
The phantom hits you but does no damage.
You hit the phantom but do no damage.
The phantom is moderately damaged.
The phantom hits you.
The phantom blinks!
You blink.
You hit the phantom.
The phantom is moderately damaged.
The phantom hits you.
You miss the phantom.
The phantom is moderately damaged.
You closely miss the phantom.
The phantom is moderately damaged.
The phantom closely misses you.
You hit the phantom.
The phantom is heavily damaged.
The phantom barely misses you.
You hit the phantom. You bite the phantom, but do no damage.
The phantom is heavily damaged.
The phantom misses you.
You miss the phantom.
The phantom is heavily damaged.
The phantom closely misses you.
You closely miss the phantom.
The phantom is heavily damaged.
The phantom misses you.
You miss the phantom.
The phantom is heavily damaged.
You hit the phantom but do no damage. You bite the phantom.
The phantom is severely damaged.
The phantom completely misses you.
You hit the phantom but do no damage.
The phantom is severely damaged.
The phantom barely misses you.
You barely miss the phantom.
The phantom is severely damaged.
The phantom hits you.
The phantom blinks!
You blink.
You miss the phantom.
The phantom is severely damaged.
The phantom hits you.
You miss the phantom.
The phantom is severely damaged.
The phantom closely misses you.
You hit the phantom.
The phantom is severely damaged.
The phantom hits you.
The phantom blinks!
You blink.
You hit the phantom.
The phantom is almost destroyed.
The phantom hits you.
The phantom blinks!
You blink.
You hit the phantom.
The phantom is almost destroyed.
You feel less attractive to monsters.
You hit the phantom. You bite the phantom, but do no damage.
The phantom is almost destroyed.
The phantom hits you.
The phantom blinks!
You blink.
You miss the phantom.
The phantom is almost destroyed.
The phantom hits you.
You hit the phantom but do no damage. Your bite misses the phantom.
The phantom is almost destroyed.
The phantom hits you!
* * * LOW HITPOINT WARNING * * *
Throw: 7 boomerangs (disperse)
Press: ? - help, Q - select action, (/) - cycle Shift-Dir - straight line, f - phantom
Aim: a phantom (almost destroyed, 46% to hit)
You throw a boomerang of dispersal.
The boomerang of dispersal hits the phantom and shatters for extra damage.
The phantom blinks!
The phantom is almost destroyed.
Throw: 6 boomerangs (disperse)
Press: ? - help, Q - select action, (/) - cycle Shift-Dir - straight line, f/p - phantom
Aim: a phantom (almost destroyed, 46% to hit)
You throw a boomerang of dispersal.
The boomerang of dispersal completely misses the phantom.
The phantom hits you!
You die...

....####.........#...###....#####
................................#
...#####................#######..
....####.........###.#### ##.
........#............# ##
......>.[............#
......†.#.###........####
#####.....# #...........#########
#...##.# #..W@....##..........
#...##.# #..§.....############
#...##.###........##
######..>..........#####
#####)............#######
#.........###.#.....# ###)##.##.#
#...###.# #.##.##.# ###.+<'.#
######## #....##.# #.###..


You could see a phantom.

Vanquished Creatures
  An adder (D:1)
  A bat (D:2)
  3 endoplasms (D:1)
  2 giant cockroaches
  4 goblins
  4 hobgoblins
  7 jackals (D:2)
  2 quokkas
  A ball python (D:2)
  3 frilled lizards
  2 kobolds (D:1)
  3 rats
33 creatures vanquished.

Notes
Turn   | Place    | Note
-------+----------+-------------------------------------------
     0 | D:1      | Flugkiller the Vampire Warper began the quest for the Orb.
     0 | D:1      | Reached XP level 1. HP: 16/16 MP: 3/3
   148 | D:1      | Reached skill level 1 in Stealth
   190 | D:1      | Reached XP level 2. HP: 22/22 MP: 5/5
   259 | D:1      | Reached skill level 1 in Hexes
   593 | D:2      | Gained mutation: You are afflicted with vampirism and can
                  | become a bat while bloodless. [Vampire growth]
   593 | D:2      | Reached XP level 3. HP: 23/27 MP: 6/6
   646 | D:2      | Learned a level 1 spell: Slow
   650 | D:2      | Learned a level 3 spell: Confusing Touch
   653 | D:2      | Learned a level 2 spell: Blink
   711 | D:2      | Noticed Sigmund
   785 | D:2      | Noticed a phantom
   786 | D:2      | Noticed Natasha
   851 | D:1      | Slain by a phantom

Illustrated notes

Levels and vault maps discovered:
D:1:      dpeg_arrival_tiny_d, layout_rooms, hangedman_abyss_or_decor_stabs,
          amcnicky_mini_pool_small
D:2:      layout_rooms, shapermc_ecumenical_altar_mp_vishouse, uniq_natasha,
          uniq_sigmund

Skill      XL: |  1  2  3 |
---------------+----------+-----
Stealth        | 1 2 |  2.0
Hexes          | 1 |  1.8
Fighting       | 2 |  2.2
Short Blades   | |  2.8
Throwing       | |  0.7
Armour         | |  0.7
Dodging        | |  2.1
Spellcasting   | |  2.3
Translocations | |  2.4

Action                     || total
---------------------------++-------
  Melee: Short sword       ||   181
         Bite              ||    23
         Punch             ||     2
  Throw: Boomerang         ||     2
   Cast: Slow              ||     5
    Use: Potion            ||     3
   Stab: Sleeping          ||     1
 Armour: Leather armour    ||    53
  Dodge: Dodged            ||   116
